 Dungeon Crawl Stone Soup version 0.30-a0-953-g5f1da4a474 (webtiles) character file.

Game seed: 14829642256001144347

32825 Newt the Unseen (level 14, -4/79 HPs)
             Began as a Kobold Hunter on Mar 28, 2023.
             Was a High Priest of Hepliaklqana.
             Slain by a death yak (17 damage)
             ... on level 3 of the Lair of Beasts.
             The game lasted 00:16:47 (13251 turns).

Newt the Unseen (Kobold Hunter)                    Turns: 13251, Time: 00:16:48

Health: -4/79      AC: 14    Str:  8    XL:     14   Next: 4%
Magic:  23/23      EV: 22    Int: 19    God:    Hepliaklqana [*****.]
Gold:   1681       SH:  0    Dex: 21    Spells: 25/25 levels left

rFire   + + .      SeeInvis .    i - +8 dagger "Wageg" {drain, rF++ Int+4}
rCold   . . .      Faith    .    (no shield)
rNeg    . . .      Spirit   .    A - +0 steam dragon scales
rPois   .          Reflect  .    T - +2 hat {Stlth+}
rElec   .          Rampage  .    (no cloak)
rCorr   .                        g - +1 pair of gloves
Will    +....                    (no boots)
Stlth   ++++++++                 q - amulet of the acrobat
HPRegen 0.33/turn                h - ring of wizardry
MPRegen 0.18/turn                E - +4 ring of protection

@: about to teleport
A: reduced essence, small, no large weapons, nightstalker 3, talons 1, clever 1
a: Renounce Religion, Recall Ancestor, Ancestor Identity, Transference, Idealise


You were on level 3 of the Lair of Beasts.
You worshipped Hepliaklqana.
Hepliaklqana was extremely pleased with you.
You visited 2 branches of the dungeon, and saw 13 of its levels.
You also visited: Bailey.

You collected 2331 gold pieces.
You spent 650 gold pieces at shops.

Inventory:

Hand Weapons
 a - a +1 shortbow
 i - the +8 dagger "Wageg" (weapon) {drain, rF++ Int+4}
   (You found it on level 2 of the Dungeon)

   Int:       It affects your intelligence (+4).
   rF:        It greatly protects you from fire.
 s - the +5 short sword of Laceration {drain, Int+3}
   (You bought it in a shop on level 6 of the Dungeon)

   Int:       It affects your intelligence (+3).
 u - the +0 rapier "Veicicva" {drain, Int+6}
   (You bought it in a shop on level 2 of the Dungeon)

   Int:       It affects your intelligence (+6).
Missiles
 t - 10 silver boomerangs (quivered)
Armour
 c - a +0 leather armour
 f - a +0 pair of gloves
 g - a +1 pair of gloves (worn)
 p - a +1 helmet
 A - +0 steam dragon scales (worn)
 T - a +2 hat of stealth (worn)
Jewellery
 h - a ring of wizardry (left hand)
 q - an amulet of the acrobat (around neck)
 D - an amulet of guardian spirit
 E - a +4 ring of protection (right hand)
 F - a ring of protection from cold
 H - a ring of fire
 M - a +6 ring of intelligence
 O - a ring of see invisible
Wands
 k - a wand of paralysis (22)
 B - a wand of mindburst (9)
 J - a wand of iceblast (5)
 K - a wand of flame (5)
 Q - a wand of acid (4)
 S - a wand of polymorph (6)
Scrolls
 b - 2 scrolls of immolation
 e - 2 scrolls of teleportation
 j - 2 scrolls of vulnerability
 y - 2 scrolls of blinking
 G - 2 scrolls of enchant weapon
 N - a scroll of fear
 P - a scroll of identify
 U - a scroll of summoning
Potions
 d - a potion of lignification
 l - 3 potions of flight
 m - 5 potions of might
 n - 3 potions of heal wounds
 o - 4 potions of brilliance
 r - a potion of degeneration
 v - 8 potions of curing
 w - a potion of resistance
 x - 3 potions of cancellation
 z - 2 potions of mutation
 C - a potion of magic
 I - 2 potions of invisibility
 L - 2 potions of haste
 R - 2 potions of attraction


   Skills:
 + Level 10.9 Fighting
 - Level 10.0 Short Blades
 - Level 5.3 Ranged Weapons
 - Level 6.0 Armour
 - Level 10.0 Dodging
 - Level 15.0 Stealth
 - Level 6.0 Spellcasting
 - Level 10.4 Invocations
 - Level 6.2 Evocations


You had 25 spell levels left.
You didn't know any spells.
Your spell library contained the following spells:

 Spells                   Type           Power      Damage    Failure   Level
 Necrotise                Necr           20%        1d5       4%          1
 Sting                    Tmut/Pois      20%        1d4       4%          1
 Ensorcelled Hibernation  Hex/Ice        10%        N/A       7%          2
 Passwall                 Tmut/Erth      4%         N/A       7%          2
 Poisonous Vapours        Pois/Air       10%        N/A       7%          2
 Swiftness                Air            5%         N/A       13%         3
 Vampiric Draining        Necr           5%         2d6       13%         3
 Olgreb's Toxic Radiance  Pois           5%         N/A       38%         4
 Summon Lightning Spire   Summ/Air       5%         N/A       38%         4
 Agony                    Necr           5%         N/A       73%         5
 Yara's Violent Unravell  Hex/Tmut       2%         3d3       73%         5
 Enfeeble                 Hex            2%         N/A       100%        7
 Storm Form               Tmut/Air       2%         N/A       100%        7
 Maxwell's Capacitive Co  Air            2%         ∞         100%        8


Dungeon Overview and Level Annotations

Branches:
Dungeon (10/15)            Temple (0/1) D:5            Lair (3/5) D:10
  Swamp (0/4) Lair:2        Snake (0/4) Lair:2          Orc (0/2) D:9
 Bailey (visited)

Altars:
Ashenzari
Dithmenos
Fedhas
Gozag
Hepliaklqana
Kikubaaqudgha
Makhleb
Okawaru
Qazlal
Sif Muna
Trog
Uskayaw
Vehumet
Wu Jian
Yredelemnul
Zin
The Shining One

Shops:
D:2 (   D:6 (!**   D:7 ?   D:10 :


Innate Abilities, Weirdness & Mutations

Your life essence is reduced to manifest your ancestor. (-10% HP)
You are small and have problems with some larger weapons.
You are completely attuned to the shadows.
You have sharp toenails.
Your mind is acute. (Int +4, Str/Dex -1)


Message History

Unknown command.
You hit the death yak. You drain the death yak.
The death yak is almost dead.
You hit the death yak.
The death yak is almost dead.
The death yak closely misses you. The death yak gores you!
* * * LOW HITPOINT WARNING * * *
The yak barely misses you.
Unknown command.
You hit the death yak. You drain the death yak.
The death yak is almost dead.
Unknown command.
You hit the death yak. You drain the death yak.
You claw the death yak, but do no damage.
The death yak is almost dead.
The death yak gores you!
* * * LOW HITPOINT WARNING * * *
The death yak gores you but does no damage.
The yak gores you!
* * * LOW HITPOINT WARNING * * *
You feel much better. The death yak barely misses you.
You completely miss the yak. You hit the death yak but do no damage.
The death yak is almost dead.
The death yak closely misses you. The death yak gores you!!
* * * LOW HITPOINT WARNING * * *
Unknown command.
You hit the death yak.
You kill the death yak!
Unknown command.
As you read the scroll of teleportation, it crumbles to dust.
You feel strangely unstable.
The death yak gores you but does no damage.
The yak misses you.
Unknown command.
You hit the yak but do no damage. You drain the yak. You claw the yak.
Your punch misses the yak.
The yak is lightly wounded.
The death yak gores you!
You die...

## ##...##....#.#........
....#....#......#.........
....##................Y..#
....##.................$##
....P###.......†.YY......#
.....###.........#YY.....#
....###.#........#Y#......
#....##........Y#Y#...#...
...............Y@#....#..
......P............####
.###..P.P..........# ##
#P.............##
##..#...........


You could see 4 death yaks and 2 yaks.

Vanquished Creatures
  Gastronok (Lair:3)
  2 hydras
  Fannar (Lair:2)
  Erica (D:8)
  3 two-headed ogres
  2 death yaks (Lair:3)
  Sonja (Lair:2)
  An orc knight (Bailey)
  Pikel (D:5)
  6 elephants
  3 cane toads
  A black mamba (Lair:3)
  Maggie (D:7)
  7 komodo dragons
  A hornet (D:10)
  14 blink frogs
  A wyvern (Lair:2)
  14 yaks
  A vampire (D:10)
  2 basilisks
  2 nagas (Lair:2)
  Edmund (D:5)
  3 swamp worms (Lair:2)
  6 water moccasins
  3 black bears
  A sky beast (D:8)
  4 ice beasts
  2 orc warriors
  2 ogres
  10 wolves
  A lemure (D:5)
  A phantom (D:5)
  2 kobold brigands (D:8)
  9 bullfrogs
  A scorpion (D:4)
  3 wights (D:7)
  8 killer bees
  3 howler monkeys
  A gnoll bouda (D:8)
  6 orc priests
  4 hounds
  A jelly (D:4)
  2 sleepcaps
  3 iguanas
  Terence (D:2)
  4 orc wizards
  17 gnolls
  7 adders
  An ufetubus (D:4)
  2 worms
  A dart slug (D:4)
  43 orcs
  10 endoplasms
  2 giant cockroaches
  13 goblins
  7 hobgoblins
  4 jackals (D:2)
  19 kobolds
  5 quokkas
  7 ball pythons
  7 bats
  2 frilled lizards (D:1)
  6 rats
301 creatures vanquished.

Vanquished Creatures (collateral kills)
  A hydra (Lair:2)
  2 elephants
  A cane toad (Lair:3)
  A vampire (D:10)
  3 yaks
  A swamp worm (Lair:2)
  A naga (Lair:2)
  A water moccasin (D:3)
  A sky beast (D:7)
  A wolf (Lair:2)
  A kobold brigand (D:9)
  A scorpion (D:5)
  A howler monkey (D:10)
  2 orc priests (D:9)
  A gnoll bouda (D:6)
  A hound (D:5)
  An orc wizard (D:6)
  A gnoll (D:6)
  8 orcs
  A hobgoblin (D:2)
  2 kobolds
33 creatures vanquished.

Vanquished Creatures (others)
  2 hexers
  17 fungi
  11 plants
30 creatures vanquished.

Grand Total: 364 creatures vanquished

Notes
Turn   | Place    | Note
-------+----------+-------------------------------------------
     0 | D:1      | Newt the Kobold Hunter began the quest for the Orb.
     0 | D:1      | Reached XP level 1. HP: 12/12 MP: 1/1
   123 | D:1      | Reached XP level 2. HP: 18/18 MP: 2/2
   440 | D:1      | Reached XP level 3. HP: 23/23 MP: 3/3
  1217 | D:2      | Identified the +5 whip "Yngis" {heavy, Str+5}
  1240 | D:2      | Identified the +8 dagger "Wageg" {drain, rF++ Int+4}
  1434 | D:2      | Noticed Terence
  1441 | D:2      | Killed Terence
  1442 | D:2      | Reached XP level 4. HP: 9/30 MP: 4/4
  1546 | D:2      | Reached skill level 5 in Fighting
  1711 | D:2      | Found a hazy altar of Hepliaklqana.
  1717 | D:2      | Reached skill level 1 in Short Blades
  1717 | D:2      | Became a worshipper of Hepliaklqana the Forgotten
  1752 | D:2      | Reached XP level 5. HP: 35/35 MP: 5/5
  1934 | D:2      | Found Honnoqin's Antique Weapon Emporium.
  2311 | D:3      | Found a glowing silver altar of Zin.
  2416 | D:3      | Found a glowing golden altar of the Shining One.
  2418 | D:3      | Reached * piety under Hepliaklqana
  2429 | D:3      | Noticed a water moccasin
  2436 | D:3      | Killed a water moccasin
  2437 | D:3      | Reached skill level 5 in Short Blades
  2437 | D:3      | Reached XP level 6. HP: 3/36 MP: 6/6
  2926 | D:4      | Found a hide-covered altar of Uskayaw.
  3138 | D:4      | Noticed an ogre
  3144 | D:4      | Killed an ogre
  3145 | D:4      | Reached XP level 7. HP: 37/39 MP: 7/7
  3453 | D:4      | Found an opulent altar of Gozag.
  3530 | D:4      | Reached skill level 5 in Dodging
  3802 | D:4      | Reached ** piety under Hepliaklqana
  3803 | D:4      | Remembered your ancestor Septima as a hexer
  3925 | D:4      | Found a bloodstained altar of Trog.
  3986 | D:4      | Reached skill level 2 in Stealth
  4030 | D:5      | Entered Level 5 of the Dungeon
  4034 | D:5      | Reached skill level 3 in Stealth
  4044 | D:5      | Noticed Edmund
  4064 | D:5      | Killed Edmund
  4065 | D:5      | Reached skill level 4 in Stealth
  4085 | D:5      | Reached skill level 5 in Stealth
  4113 | D:5      | Reached skill level 6 in Stealth
  4113 | D:5      | Reached XP level 8. HP: 44/44 MP: 8/8
  4172 | D:5      | Reached skill level 7 in Stealth
  4215 | D:5      | Noticed Pikel
  4218 | D:5      | Paralysed by Pikel for 2 turns
  4227 | D:5      | Killed Pikel
  4228 | D:5      | Reached skill level 10 in Stealth
  4235 | D:5      | Reached XP level 9. HP: 36/49 MP: 9/9
  4390 | D:5      | Found a staircase to the Ecumenical Temple.
  4530 | D:5      | Found a basalt altar of Yredelemnul.
  4755 | D:6      | Found Amoheomug's Overcharged Wands.
  4768 | D:6      | Found Megg's Elemental Accessories.
  4787 | D:6      | Found Vocyddeu's Distillery.
  4791 | D:6      | Found Haefedy's Antique Weapon Shop.
  4958 | D:2      | Identified the +1 spear "Jiceb" {freeze, Stlth+}
  4965 | D:2      | Bought a shimmering rapier for 189 gold pieces
  4965 | D:2      | Identified the +0 rapier "Veicicva" {drain, Int+6} (You
                  | bought it in a shop on level 2 of the Dungeon)
  5129 | D:6      | Found a broken altar of Ashenzari.
  5353 | D:6      | Reached *** piety under Hepliaklqana
  5753 | D:7      | Found Fotiatukk's Magic Scroll Shoppe.
  5756 | D:7      | Bought a scroll of blinking for 75 gold pieces
  5787 | D:7      | Identified a scroll of acquirement
  5787 | D:7      | Acquired 1383 gold pieces
  5841 | D:6      | Bought a polished short sword for 176 gold pieces
  5841 | D:6      | Identified the +5 short sword of Laceration {drain, Int+3}
                  | (You bought it in a shop on level 6 of the Dungeon)
  5871 | D:6      | Bought a potion of curing for 42 gold pieces
  5871 | D:6      | Bought a potion of might for 56 gold pieces
  5871 | D:6      | Bought a potion of cancellation for 112 gold pieces
  5978 | D:7      | Noticed Maggie
  5988 | D:7      | Killed Maggie
  6102 | D:7      | Found a radiant altar of Vehumet.
  6349 | D:7      | Found an ornate altar of the Wu Jian Council.
  6481 | D:7      | Reached XP level 10. HP: 56/59 MP: 10/10
  6811 | D:7      | Noticed a two-headed ogre
  6817 | D:7      | Killed a two-headed ogre
  6818 | D:7      | Reached skill level 10 in Short Blades
  7044 | D:8      | Reached **** piety under Hepliaklqana
  7237 | D:8      | Noticed Erica
  7241 | D:8      | Killed Erica
  7258 | D:8      | Found a shadowy altar of Dithmenos.
  7331 | D:8      | Found a shimmering blue altar of Sif Muna.
  7334 | D:8      | Found a stormy altar of Qazlal.
  7542 | D:8      | Found a blossoming altar of Fedhas.
  7965 | D:9      | Reached skill level 10 in Dodging
  7965 | D:9      | Reached skill level 1 in Invocations
  7988 | D:9      | Reached XP level 11. HP: 45/63 MP: 11/13
  8221 | D:9      | Found a staircase to the Orcish Mines.
  8312 | D:9      | Found an ancient bone altar of Kikubaaqudgha.
  8378 | D:9      | Reached skill level 5 in Invocations
  8861 | D:10     | Entered Level 10 of the Dungeon
  8873 | D:10     | Found a flagged portal.
  8884 | Bailey   | Entered a bailey
  9007 | Bailey   | Noticed an orc knight
  9034 | Bailey   | Killed an orc knight
  9188 | Bailey   | Reached skill level 10 in Invocations
  9188 | Bailey   | Reached XP level 12. HP: 68/68 MP: 15/19
  9241 | D:10     | Found an iron altar of Okawaru.
  9321 | D:10     | Noticed a two-headed ogre
  9332 | D:10     | Killed a two-headed ogre
  9333 | D:10     | Reached skill level 11 in Stealth
  9395 | D:10     | Found a burning altar of Makhleb.
  9449 | D:10     | Reached skill level 12 in Stealth
  9700 | D:10     | Noticed a two-headed ogre
  9711 | D:10     | Killed a two-headed ogre
  9750 | D:10     | Found Nawkixipt's Book Boutique.
  9755 | D:10     | Found a staircase to the Lair.
  9902 | D:10     | Reached skill level 13 in Stealth
 10062 | Lair:1   | Entered Level 1 of the Lair of Beasts
 10102 | Lair:1   | Reached ***** piety under Hepliaklqana
 10250 | Lair:1   | Reached skill level 14 in Stealth
 10598 | Lair:1   | Reached skill level 15 in Stealth
 10602 | Lair:1   | Reached skill level 1 in Armour
 10608 | Lair:1   | Reached XP level 13. HP: 72/72 MP: 20/20
 11056 | Lair:2   | Noticed Sonja
 11073 | Lair:2   | Killed Sonja
 11086 | Lair:2   | Gained mutation: Your spells are a little easier to cast,
                  | but a little less powerful. [potion of mutation]
 11086 | Lair:2   | Gained mutation: You possess an exceptional clarity of
                  | mind. [potion of mutation]
 11086 | Lair:2   | Lost mutation: You possess an exceptional clarity of mind.
                  | [potion of mutation]
 11086 | Lair:2   | Gained mutation: You have sharp toenails. [potion of
                  | mutation]
 11087 | Lair:2   | Lost mutation: You have sharp toenails. [potion of
                  | mutation]
 11087 | Lair:2   | Lost mutation: Your spells are a little easier to cast, but
                  | a little less powerful. [potion of mutation]
 11087 | Lair:2   | Gained mutation: Your mind is acute. (Int +4, Str/Dex -1)
                  | [potion of mutation]
 11087 | Lair:2   | Gained mutation: You have sharp toenails. [potion of
                  | mutation]
 11207 | Lair:2   | Reached skill level 5 in Armour
 11234 | Lair:2   | Noticed Fannar
 11238 | Lair:2   | Killed Fannar
 11443 | Lair:2   | Reached skill level 1 in Spellcasting
 11775 | Lair:2   | Found a staircase to the Snake Pit.
 12054 | Lair:2   | Noticed a seven-headed hydra
 12060 | Lair:2   | Noticed a four-headed hydra
 12271 | Lair:2   | Killed a four-headed hydra
 12272 | Lair:2   | Reached skill level 5 in Spellcasting
 12306 | Lair:2   | Found a staircase to the Swamp.
 12487 | Lair:2   | Killed a seven-headed hydra
 12631 | Lair:3   | Noticed Gastronok
 12633 | Lair:3   | Killed Gastronok
 12906 | Lair:3   | Noticed an eight-headed hydra
 12914 | Lair:3   | Killed an eight-headed hydra
 12915 | Lair:3   | Reached skill level 10 in Fighting
 13228 | Lair:3   | Reached XP level 14. HP: 59/79 MP: 23/23
 13245 | Lair:3   | HP: 3/79 [yak (10)]
 13251 | Lair:3   | Slain by a death yak

Illustrated notes

Levels and vault maps discovered:
D:1:      dpeg_arrival_three_same_balls, layout_basic, hex_medium
D:2:      layout_loops_ring, basic_altar, serial_shops, shop,
          guppyfry_early_orc_mine, uniq_terence
D:3:      layout_loops_ring, tso_metal_star, mainiacjoe_overflow_tiny_flanked
D:4:      minmay_wonky_spiral, layout_loops_corners, kennysheep_mini_moat,
          eat_drink_and_be_merry_uskayaw, kennysheep_mini
D:5:      layout_rooms, lemuel_round_altar, minmay_temple_entry_glass,
          uniq_edmund, uniq_pikel
D:6:      layout_cave_pools, ashenzari_conservatory_becter, serial_column_ruins,
          column_ruins_circle_medium, column_ruins_columns_corner,
          column_ruins_grid_1, column_ruins_columns_corner,
          kennysheep_minor_cross, corexii_leaking_fountain,
          nicolae_wooded_promenade, nicolae_elemental_shop,
          minmay_tree_intersection, nicolae_shop_overcharged_wands
D:7:      layout_basic, nicolae_vehumet_radiance, nzn_wu_jian_council_hall,
          nicolae_stop_n_shop_1, uniq_maggie
D:8:      layout_cave_pools, mainiacjoe_overflow_chevrons,
          kennysheep_little_box, jmf_multi_god_temple, minivault_1, uniq_erica
D:9:      layout_long_grid, mainiacjoe_overflow_alcove_1, david_orc_5,
          dk_noncrumbling_3
D:10:     layout_rooms, mainiacjoe_overflow_six_doors_small, okawaru_trees_1,
          lair_entry_dummy, serial_shops, nicolae_shop_window_shopping,
          enter_bailey_3, minmay_fountain_box
Lair:1:   layout_long_grid, beast_lair_carwin_8
Lair:2:   layout_hall_layers, palyth_hydra_swamp_entry,
          nicolae_snake_entry_squirm, grunt_megastairs_5, lemuel_fruit_fields,
          uniq_sonja, uniq_fannar
Lair:3:   layout_layer_cave, serial_bayou_shore_b, uniq_gastronok

Skill      XL: |  1  2  3  4  5  6  7  8  9 10 11 12 13 |
---------------+----------------------------------------+-----
Fighting       | 3 4 5 9 10 | 10.9
Short Blades   | 2 5 6 8 10 | 10.0
Dodging        | 4 5 10 | 10.0
Stealth        | 6 10 15 | 15.0
Invocations    | 3 10 | 10.4
Evocations     | 6 |  6.2
Armour         | 1 6 |  6.0
Spellcasting   | 6 |  6.0
Ranged Weapons | |  5.3

Action                     |  1- 3 |  4- 6 |  7- 9 | 10-12 | 13-15 || total
---------------------------+-------+-------+-------+-------+-------++-------
  Melee: Dagger            |    17 |    60 |   156 |   413 |   290 ||   936
         Punch             |       |       |     3 |     5 |    10 ||    18
         Kick              |       |       |       |       |    94 ||    94
   Fire: Shortbow          |    57 |       |       |       |       ||    57
 Invoke: Ancestor Life: He |       |       |     1 |       |       ||     1
         Recall Ancestor   |       |       |       |       |     1 ||     1
  Evoke: Wand              |       |       |       |       |     1 ||     1
    Use: Scroll            |     1 |     6 |     4 |     3 |     5 ||    19
         Potion            |       |     4 |     1 |     1 |     7 ||    13
   Stab: Sleeping          |     3 |     8 |    11 |    22 |     9 ||    53
         Distracted        |       |     1 |     4 |     4 |     8 ||    17
         Confused          |       |       |     2 |    12 |     9 ||    23
         Invisible         |       |       |       |       |     5 ||     5
 Armour: Leather armour    |     7 |    12 |    21 |       |       ||    40
         Steam dragon scal |       |       |     7 |    33 |    60 ||   100
  Dodge: Dodged            |    23 |    17 |    83 |   227 |   222 ||   572

Table legend: (Time is in decaauts)
 A = Elapsed time spent in this place.
 B = Non-inter-level travel time spent in this place.
 C = Inter-level travel time spent in this place.
 D = Time resting spent in this place.
 E = Time spent auto-exploring this place.
 F = Levels seen in this place.
 G = Mean time per level.
                   A        B        C        D        E       F      G
               +--------+--------+--------+--------+--------+-----+--------+
         Total |  12865 |  12213 |    652 |   1073 |   9530 |  14 |  918.9 |
       Dungeon |   9578 |   8980 |    598 |    569 |   7315 |  10 |  957.8 |
          Lair |   2995 |   2941 |     54 |    504 |   1992 |   3 |  998.3 |
        Bailey |    291 |    291 |      0 |      0 |    223 |   1 |  291.0 |
               +--------+--------+--------+--------+--------+-----+--------+

Top non-repeatable levels by time:
  Lair:2: 1427 daAuts
     D:4: 1187 daAuts
     D:9: 1134 daAuts
     D:1: 1096 daAuts
     D:7: 1053 daAuts
     D:2: 1031 daAuts
     D:6: 999 daAuts
  Lair:1: 916 daAuts
    D:10: 851 daAuts
     D:3: 808 daAuts
     D:8: 734 daAuts
     D:5: 680 daAuts
  Lair:3: 651 daAuts
  Bailey: 291 daAuts
